BSA
NASSAU ROCKETS @ LOS CABOS CARTEL
06/04/2024
 
TOP OF THE 1ST
Nassau Rockets batting - Pitching for Los Cabos Cartel : RHP Vicente Durán
Pitching: RHP Vicente Durán
Batting: RHB Sadayoshi Kato 0-0: Called Strike
0-1: Called Strike
0-2: Foul Ball, location: 2F
0-2: Ball
1-2: Ball
2-2: Strikes out looking
Batting: RHB Ed Sims 0-0: Fly out, F8 (Flyball, 8RM)
Batting: LHB Wilson Allen 0-0: Foul Ball, location: 2F
0-1: Ball
1-1: Foul Ball, location: 2F
1-2: Strikes out looking
Top of the 1st over - 0 run(s), 0 hit(s), 0 error(s), 0 left on base; Nassau 0 - Los Cabos 0
BOTTOM OF THE 1ST
Los Cabos Cartel batting - Pitching for Nassau Rockets : RHP Mark MacGruder
Pitching: RHP Mark MacGruder
Batting: RHB Dan Mason 0-0: Ball
1-0: Bunted foul
1-1: SINGLE (Line Drive, 56D)
Batting: LHB Luis González 0-0: Ball
1-0: Ball
Dan Mason steals 2nd base
2-0: Ball
3-0: Called Strike
3-1: Base on Balls
Batting: SHB Julián Madrid 0-0: Ball
1-0: Ball
2-0: Foul Ball, location: 2F
2-1: Foul Ball, location: 2F
2-2: Ball
3-2: Ground out 4-3 (Groundball, 4)
Dan Mason to third
Luis González to second
Batting: LHB Marc Brown 0-0: Called Strike
0-1: Foul Ball, location: 2F
0-2: Ball
1-2: SINGLE (Groundball, 6MD)
Dan Mason scores
Luis González to third
Runner from 3rd tries for Home, SAFE, no throw or cutoff
Batting: LHB Manny Quiñones 0-0: Ball
1-0: Called Strike
Marc Brown steals 2nd base
1-1: Called Strike
1-2: Foul Ball, location: 2F
1-2: Ball
2-2: Ball
3-2: Base on Balls
Batting: RHB Oliver Hernández 0-0: Called Strike
0-1: Ball
1-1: Foul Ball, location: 2F
1-2: Foul Ball, location: 2F
1-2: Grounds into double play, 6-4-3 (Groundball, 6)
Bottom of the 1st over - 2 run(s), 2 hit(s), 0 error(s), 1 left on base; Nassau 0 - Los Cabos 2
TOP OF THE 2ND
Nassau Rockets batting - Pitching for Los Cabos Cartel : RHP Vicente Durán
Batting: LHB Enrique Cortéz 0-0: Ball
1-0: Ball
2-0: Called Strike
2-1: SINGLE (Groundball, 34)
Batting: LHB Jarred Jackson 0-0: Ball
1-0: Called Strike
1-1: Ball
2-1: Called Strike
2-2: Foul Ball, location: 2F
2-2: Ball
3-2: Base on Balls
Enrique Cortéz to second
Batting: SHB Suezo Sugimoto 0-0: Called Strike
0-1: Ball
1-1: Hit by Pitch
Enrique Cortéz to third
Jarred Jackson to second
Pinch Runner at 1st Francisco Rincón:
Batting: RHB Victor Andrews 0-0: Foul Ball, location: 2F
0-1: Swinging Strike
0-2: Ball
1-2: Strikes out swinging
Batting: LHB Rafael Delgado 0-0: Ball
1-0: Called Strike
1-1: SINGLE (Groundball, 6MD)
Enrique Cortéz scores
Jarred Jackson to third
Francisco Rincón to second
Runner from 3rd tries for Home, SAFE, throw made home
Francisco Rincón to third
Rafael Delgado to second
Batting: RHB Vern Carlton 0-0: Swinging Strike
0-1: Ball
1-1: Ball
2-1: Foul Ball, location: 2F
2-2: Strikes out swinging
Batting: RHB Sadayoshi Kato 0-0: Ball
1-0: Fly out, F4 (Popup, 4)
Top of the 2nd over - 2 run(s), 2 hit(s), 0 error(s), 2 left on base; Nassau 2 - Los Cabos 2
BOTTOM OF THE 2ND
Los Cabos Cartel batting - Pitching for Nassau Rockets : RHP Mark MacGruder
Now in LF: Francisco Rincón
Batting: RHB Sam Wallace 0-0: Called Strike
0-1: Called Strike
0-2: Ball
1-2: Ground out 6-3 (Groundball, 56D)
Batting: LHB José Rivas 0-0: Ball
1-0: Fly out, F8 (Line Drive, 8LD)
Batting: RHB Oliver Lugo 0-0: Ball
1-0: Bunted foul
1-1: Ball
2-1: Ground out 6-3 (Groundball, 6)
Bottom of the 2nd over - 0 run(s), 0 hit(s), 0 error(s), 0 left on base; Nassau 2 - Los Cabos 2
TOP OF THE 3RD
Nassau Rockets batting - Pitching for Los Cabos Cartel : RHP Vicente Durán
Batting: RHB Ed Sims 0-0: Called Strike
0-1: Swinging Strike
0-2: Foul Ball, location: 2F
0-2: Strikes out swinging
Batting: LHB Wilson Allen 0-0: Called Strike
0-1: Ball
1-1: Ball
2-1: Ball
3-1: Called Strike
3-2: Base on Balls
Batting: LHB Enrique Cortéz 0-0: Ball
1-0: Ball
2-0: Grounds into double play, 6-4-3 (Groundball, 6M)
Top of the 3rd over - 0 run(s), 0 hit(s), 0 error(s), 0 left on base; Nassau 2 - Los Cabos 2
BOTTOM OF THE 3RD
Los Cabos Cartel batting - Pitching for Nassau Rockets : RHP Mark MacGruder
Batting: RHB Dan Mason 0-0: Ball
1-0: Called Strike
1-1: Foul Ball, location: 2F
1-2: Ball
2-2: Ball
3-2: Ground out 6-3 (Groundball, 6)
Batting: LHB Luis González 0-0: Ball
1-0: Fly out, F9 (Flyball, 89M)
Batting: SHB Julián Madrid 0-0: Foul Ball, location: 2F
0-1: Swinging Strike
0-2: Fly out, F8 (Flyball, 8LM)
Bottom of the 3rd over - 0 run(s), 0 hit(s), 0 error(s), 0 left on base; Nassau 2 - Los Cabos 2
TOP OF THE 4TH
Nassau Rockets batting - Pitching for Los Cabos Cartel : RHP Vicente Durán
Batting: LHB Jarred Jackson 0-0: Ball
1-0: Ball
2-0: Called Strike
2-1: Swinging Strike
2-2: Strikes out looking
Batting: RHB Francisco Rincón 0-0: Ball
1-0: Foul Ball, location: 2F
1-1: SINGLE (Groundball, 6MD)
Batting: RHB Victor Andrews 0-0: Ball
1-0: Grounds into double play, 5-4-3 (Groundball, 5)
Top of the 4th over - 0 run(s), 1 hit(s), 0 error(s), 0 left on base; Nassau 2 - Los Cabos 2
BOTTOM OF THE 4TH
Los Cabos Cartel batting - Pitching for Nassau Rockets : RHP Mark MacGruder
Batting: LHB Marc Brown 0-0: Ball
1-0: Foul Ball, location: 2F
1-1: Ball
2-1: Ground out 4-3 (Groundball, 4M)
Batting: LHB Manny Quiñones 0-0: Called Strike
0-1: Ball
1-1: Ball
2-1: Fly out, F2 (Popup, 2RF)
Batting: RHB Oliver Hernández 0-0: Called Strike
0-1: Swinging Strike
0-2: Ball
1-2: Ball
2-2: Foul Ball, location: 2F
2-2: Foul Ball, location: 2F
2-2: Foul Ball, location: 2F
2-2: Ball
3-2: Base on Balls
Batting: RHB Sam Wallace 0-0: Called Strike
0-1: Ball
1-1: 2-RUN HOME RUN (Flyball, 89XD), Distance : 410 ft
Batting: LHB José Rivas 0-0: Ground out 4-3 (Groundball, 4)
Bottom of the 4th over - 2 run(s), 1 hit(s), 0 error(s), 0 left on base; Nassau 2 - Los Cabos 4
TOP OF THE 5TH
Nassau Rockets batting - Pitching for Los Cabos Cartel : RHP Vicente Durán
Batting: LHB Rafael Delgado 0-0: Ground out 6-3 (Groundball, 6)
Batting: RHB Vern Carlton 0-0: Ground out 6-3 (Groundball, 6M)
Batting: RHB Sadayoshi Kato 0-0: Swinging Strike
0-1: Called Strike
0-2: Ball
1-2: Strikes out looking
Top of the 5th over - 0 run(s), 0 hit(s), 0 error(s), 0 left on base; Nassau 2 - Los Cabos 4
BOTTOM OF THE 5TH
Los Cabos Cartel batting - Pitching for Nassau Rockets : RHP Mark MacGruder
Batting: RHB Oliver Lugo 0-0: Ball
1-0: Ball
2-0: Called Strike
2-1: Called Strike
2-2: Foul Ball, location: 2F
2-2: Fly out, F9 (Flyball, 89M)
Batting: RHB Dan Mason 0-0: Called Strike
0-1: Ball
1-1: Ground out 6-3 (Groundball, 6)
Batting: LHB Luis González 0-0: Ground out 4-3 (Groundball, 4)
Bottom of the 5th over - 0 run(s), 0 hit(s), 0 error(s), 0 left on base; Nassau 2 - Los Cabos 4
TOP OF THE 6TH
Nassau Rockets batting - Pitching for Los Cabos Cartel : RHP Vicente Durán
Batting: RHB Ed Sims 0-0: Fly out, F8 (Flyball, 8LD)
Batting: LHB Wilson Allen 0-0: Ball
1-0: Called Strike
1-1: Called Strike
1-2: Strikes out looking
Batting: LHB Enrique Cortéz 0-0: Ball
1-0: Swinging Strike
1-1: Fly out, F5 (Popup, 56S)
Top of the 6th over - 0 run(s), 0 hit(s), 0 error(s), 0 left on base; Nassau 2 - Los Cabos 4
BOTTOM OF THE 6TH
Los Cabos Cartel batting - Pitching for Nassau Rockets : RHP Mark MacGruder
Batting: SHB Julián Madrid 0-0: Ball
1-0: Foul Ball, location: 2F
1-1: Ground out 4-3 (Groundball, 34)
Batting: LHB Marc Brown 0-0: Foul Ball, location: 2F
0-1: Foul Ball, location: 2F
0-2: Ball
1-2: Ground out U3 (Groundball, 3)
Batting: LHB Manny Quiñones 0-0: Ball
1-0: Ball
2-0: Ground out 6-3 (Groundball, 6)
Bottom of the 6th over - 0 run(s), 0 hit(s), 0 error(s), 0 left on base; Nassau 2 - Los Cabos 4
TOP OF THE 7TH
Nassau Rockets batting - Pitching for Los Cabos Cartel : RHP Vicente Durán
Batting: LHB Jarred Jackson 0-0: Called Strike
0-1: Ball
1-1: Ground out 6-3 (Groundball, 6M)
Batting: RHB Francisco Rincón 0-0: Called Strike
0-1: Ball
1-1: Ground out 1-3 (Groundball, 13)
Batting: RHB Victor Andrews 0-0: Fly out, F8 (Line Drive, 6MD)
Top of the 7th over - 0 run(s), 0 hit(s), 0 error(s), 0 left on base; Nassau 2 - Los Cabos 4
BOTTOM OF THE 7TH
Los Cabos Cartel batting - Pitching for Nassau Rockets : RHP Mark MacGruder
Batting: RHB Oliver Hernández 0-0: Ball
1-0: Ball
2-0: Ball
3-0: Called Strike
3-1: Base on Balls
Batting: RHB Sam Wallace 0-0: Sac Bunt - play at first, batter OUT! 5-4
Oliver Hernández to second
Batting: LHB José Rivas 0-0: Intentional Walk
Batting: RHB Oliver Lugo 0-0: Ball
1-0: Ball
2-0: Swinging Strike
2-1: Fielders Choice at 2nd, 6-4 (Groundball, 56)
Oliver Hernández to third
Batting: RHB Dan Mason 0-0: Ball
1-0: Called Strike
1-1: SINGLE (Flyball, 89S)
Oliver Hernández scores
Oliver Lugo to second
Runner from 2nd tries for 3rd, SAFE, throw made to third
Batting: LHB Luis González 0-0: Ball
1-0: Ball
2-0: Fly out, F3 (Line Drive, 3S)
Bottom of the 7th over - 1 run(s), 1 hit(s), 0 error(s), 2 left on base; Nassau 2 - Los Cabos 5
TOP OF THE 8TH
Nassau Rockets batting - Pitching for Los Cabos Cartel : RHP Vicente Durán
Batting: LHB Rafael Delgado 0-0: Bunt missed!
0-1: Fly out, F2 (Popup, 2L)
Batting: RHB Vern Carlton 0-0: Called Strike
0-1: Ball
1-1: Called Strike
1-2: Ball
2-2: Foul Ball, location: 2F
2-2: Ball
3-2: Foul Ball, location: 2F
3-2: Ground out 4-3 (Groundball, 4M)
Batting: RHB Sadayoshi Kato 0-0: Ball
1-0: Ground out 3-1 (Groundball, 34)
Top of the 8th over - 0 run(s), 0 hit(s), 0 error(s), 0 left on base; Nassau 2 - Los Cabos 5
BOTTOM OF THE 8TH
Los Cabos Cartel batting - Pitching for Nassau Rockets : RHP Mark MacGruder
Pitching: RHP Juan Franco
Batting: SHB Julián Madrid 0-0: Foul Ball, location: 2F
0-1: Ball
1-1: Swinging Strike
1-2: Foul Ball, location: 2F
1-2: Ball
2-2: Ball
3-2: Ground out 4-3 (Groundball, 4)
Batting: LHB Marc Brown 0-0: Ground out 4-3 (Groundball, 4)
Batting: LHB Manny Quiñones 0-0: Called Strike
0-1: Ball
1-1: Ball
2-1: Foul Ball, location: 2F
2-2: Ball
3-2: Foul Ball, location: 2F
3-2: SOLO HOME RUN (Flyball, 7D), Distance : 402 ft
Batting: RHB Oliver Hernández 0-0: Foul Ball, location: 2F
0-1: Ground out 5-3 (Groundball, 5S)
Bottom of the 8th over - 1 run(s), 1 hit(s), 0 error(s), 0 left on base; Nassau 2 - Los Cabos 6
TOP OF THE 9TH
Nassau Rockets batting - Pitching for Los Cabos Cartel : RHP Vicente Durán
Pitching: LHP José Santana
Batting: RHB Ed Sims 0-0: Bunt missed!
0-1: Ball
1-1: Ball
2-1: Fly out, F8 (Flyball, 8RM)
Batting: LHB Wilson Allen 0-0: Called Strike
0-1: Swinging Strike
0-2: Ball
1-2: DOUBLE (Line Drive, 8LXD)
Batting: LHB Enrique Cortéz 0-0: Called Strike
0-1: SINGLE (Line Drive, 34D)
Wilson Allen to third
Pitching: LHP Steve Haynes
Batting: LHB Jarred Jackson 0-0: Ball
1-0: Ball
2-0: Ball
3-0: Base on Balls
Enrique Cortéz to second
Batting: RHB Francisco Rincón 0-0: SINGLE (Groundball, 6MD)
Wilson Allen scores
Enrique Cortéz to third
Jarred Jackson to second
Batting: RHB Victor Andrews 0-0: Ball
1-0: Ball
2-0: Ball
3-0: Fly out, F8 (Flyball, 8RD)
Runner from 3rd tags up, SCORES, no throw
Pinch Runner at 2nd Dave MacThomas:
Batting: LHB Rafael Delgado 0-0: Ball
1-0: Ball
2-0: Foul Ball, location: 2F
2-1: Fly out, F5 (Popup, 5SF)
Top of the 9th over - 2 run(s), 3 hit(s), 0 error(s), 2 left on base; Nassau 4 - Los Cabos 6
This league is powered by Out of the Park Baseball, the baseball management simulation game for PC, Mac and Linux
Saturday, April 9th, 2016 - OOTP Baseball 16.8 Build 38